 Dungeon Crawl Stone Soup version 0.25.0-45-g978344163c (webtiles) character file.

Game seed: 7138985516025042634

181 Peloso the Shield-Bearer (level 5, 32/32 HPs)
             Began as a Vampire Fighter on July 11, 2020.
             Safely got out of the dungeon.
             The game lasted 00:08:04 (2874 turns).

Peloso the Shield-Bearer (Vampire Fighter)          Turns: 2874, Time: 00:08:04

Health: 32/32      AC: 10    Str: 14    XL:     5   Next: 34%
Magic:  4/4        EV:  4    Int: 10    God:
Gold:   131        SH:  9    Dex: 14    Spells: 4/4 levels left

rFire    . . .     SeeInvis +   a - +0 long sword
rCold    + + .     Gourm    .   c - +0 kite shield
rNeg     + + +     Faith    .   g - +0 chain mail
rPois    ∞         Spirit   .   (no helmet)
rElec    +         Reflect  .   l - +0 cloak
rCorr    .         Harm     .   (no gloves)
MR       .....                  (no boots)
Stlth    ..........             p - amulet of the acrobat
HPRegen  0.10/turn              (no ring)
MPRegen  0.09/turn              (no ring)

@: bloodless
A: no food, fangs 3, see invisible, low mp 1, electricity resistance, weak 1,
unbreathing, evolution 1
a: Bat Form, Revivify


You escaped.
You were bloodless.

You visited 1 branch of the dungeon, and saw 3 of its levels.

You collected 131 gold pieces.

Inventory:

Hand Weapons
 a - a +0 long sword (weapon)
Missiles
 r - 33 bolts
Armour
 b - a +0 scale mail
 c - a +0 kite shield (worn)
 g - a +0 chain mail (worn)
 l - a +0 cloak (worn)
Jewellery
 p - an amulet of the acrobat (around neck)
Scrolls
 e - 2 scrolls of identify
 f - a scroll of fear
 h - 2 scrolls of teleportation
 m - 2 scrolls of enchant weapon
 o - a scroll of noise
 u - 5 scrolls of remove curse
 v - a scroll of amnesia
 w - a scroll of blinking
Potions
 d - a potion of might
 i - a potion of curing {unknown}
 j - a potion of haste {unknown}
 k - a potion of berserk rage {unknown}
 n - a potion of degeneration {unknown}
 t - a potion of brilliance {unknown}


   Skills:
 + Level 2.9 Fighting
 + Level 3.0 Long Blades
 + Level 3.6 Armour
 + Level 1.1 Dodging
 + Level 3.7 Shields


You had 4 spell levels left.
You didn't know any spells.
Your spell library was empty.

Dungeon Overview and Level Annotations

Branches:
Dungeon (3/15)

Altars:


Innate Abilities, Weirdness & Mutations

You do not eat.
You do not regenerate when monsters are visible.
You are frail without blood (-20% HP).
You can heal yourself when you bite living creatures.
You are immune to poison.
You have razor-sharp teeth.
You have supernaturally acute eyesight. (SInv)
You can survive without breathing.
Your magical capacity is low. (-10% MP)
You are resistant to electric shocks. (rElec)
You are weak. (Str -2)
You evolve.


Message History

The adder barely misses you.
You slash the adder! Your bite misses the adder.
The adder is almost dead.
The adder bites you but does no damage. The adder bites you.
You miss the adder.
The adder is almost dead.
The adder bites you. You block the adder's attack.
You closely miss the adder. You bite the adder.
You kill the adder!
HP restored.
Done exploring.
(D) Dungeon
Where to? (Enter - D:1 @ (x,y), ? - help)
What level of the Dungeon? (default 1, ? - help)
There is a stone staircase leading up here.
You climb upwards.
There is a stone staircase leading down here.
There is a staircase leading out of the dungeon here.
Are you sure you want to leave the Dungeon?
This will make you lose the game!
You have escaped!

# #.# #.# #.# # ########.##
######.# ##### ..........##
#......# #...# ######.....#
#.###### ##.... #....##
#############...##
#.#.########..............##
#.........#.....≈§≈§≈.....##
###.#######....≈≈≈≈≈≈≈....##
#.# #@...≈≈)>§≈§.....# #.#
#....≈≈≈≈§≈§.....# #.#
#.....≈≈≈≈§....... #.#
##...............# #.#
###############....# ##.#
#.......# ##...# ## ###..#
#.#####.# #.... .#
#....#####.# #.# ###.# .#
#.#........# #.# ###...


There were no monsters in sight!

Vanquished Creatures
  An orc priest (D:2)
  6 adders
  2 worms (D:2)
  2 dart slugs
  A leopard gecko (D:2)
  4 orcs
  5 giant cockroaches
  7 goblins
  9 hobgoblins
  6 jackals
  4 bats
  14 frilled lizards
  16 kobolds
  8 rats
85 creatures vanquished.

Notes
Turn   | Place    | Note
-------+----------+-------------------------------------------
     0 | D:1      | Peloso the Vampire Fighter began the quest for the Orb.
     0 | D:1      | Reached XP level 1. HP: 17/17 MP: 1/1
   210 | D:1      | Reached XP level 2. HP: 22/23 MP: 2/2
   680 | D:1      | Reached XP level 3. HP: 28/28 MP: 3/3
  1410 | D:2      | Reached XP level 4. HP: 27/34 MP: 4/4
  2142 | D:3      | Reached skill level 1 in Dodging
  2233 | D:2      | Reached XP level 5. HP: 26/40 MP: 5/5
  2385 | D:3      | Found a faded altar of an unknown god.
  2683 | D:3      | Gained mutation: Your magical capacity is low. (-10% MP)
                  | [potion of mutation]
  2683 | D:3      | Gained mutation: You evolve. [potion of mutation]
  2683 | D:3      | Gained mutation: You are weak. (Str -2) [potion of
                  | mutation]
  2683 | D:3      | Gained mutation: You are resistant to electric shocks.
                  | (rElec) [potion of mutation]
  2874 | D:$      | Safely got out of the dungeon.

Illustrated notes

Levels and vault maps discovered:
D:1:      lemuel_arrival_lava_pool, layout_loops_corners, serial_glass,
          glass_columns_b, glass_columns_a
D:2:      layout_loops_ring, first_ration, minmay_misc_feat_five, minmay_cut_off
D:3:      layout_basic, chequers_ecumenical_altar_island

Skill      XL: |  1  2  3  4 |
---------------+-------------+-----
Shields        | 3 |  3.7
Armour         | 3 |  3.6
Dodging        | 1 |  1.1
Long Blades    | 3 |  3.0
Fighting       | |  2.9

Action                   |  1- 3 |  4- 6 || total
-------------------------+-------+-------++-------
Melee: Long sword        |   182 |   128 ||   310
       Bite              |    12 |    11 ||    23
 Abil: Exsanguinate      |       |     1 ||     1
  Use: Scroll            |       |     7 ||     7
       Potion            |       |     2 ||     2
Armor: Scale mail        |    20 |       ||    20
       Chain mail        |    83 |    75 ||   158
Dodge: Dodged            |    46 |    39 ||    85
Block: Kite shield       |   121 |    74 ||   195
       Rpst.: Long sword |    17 |    10 ||    27
